 Dungeon Crawl Stone Soup version 0.21.1-1-g345015f (webtiles) character file.

103 tidbits the Insei (level 4, -1/34 HPs)
             Began as a Gnoll Transmuter on Mar 7, 2018.
             Slain by an adder (2 damage)
             ... on level 5 of the Dungeon.
             The game lasted 00:03:28 (366 turns).

tidbits the Insei (Gnoll Transmuter)                 Turns: 366, Time: 00:03:30

Health: -1/34      AC:  2    Str: 12    XL:     4   Next: 79%
Magic:  0/11       EV: 23    Int: 17    God:
Gold:   53         SH:  0    Dex: 20    Spells: 7/13 levels left

rFire    . . .     SeeInvis .     - Unarmed
rCold    . . .     Gourm    .   (shield currently unavailable)
rNeg     . . .     Faith    .   (armour currently unavailable)
rPois    x         Spirit   .   (helmet currently unavailable)
rElec    .         Reflect  .   (cloak currently unavailable)
rCorr    .         Harm     .   (gloves currently unavailable)
MR       .....                  (boots currently unavailable)
Stlth    ++........             (no amulet)
HPRegen  0.11/turn              (no ring)
MPRegen  0.12/turn              (no ring)

@: spider-form, very slightly contaminated
A: tiny, distributed training, strong nose
a: End Transformation


You were on level 5 of the Dungeon.
You were not hungry.
You were a venomous arachnid creature.
You visited 1 branch of the dungeon, and saw 5 of its levels.

You collected 53 gold pieces.

Inventory:

Hand Weapons
 i - a +0 dagger
Missiles
 a - 10 arrows
Armour
 b - a +0 robe (melded)
Scrolls
 e - 2 scrolls of teleportation
Potions
 j - a potion of magic
Books
 c - a book of Changes

   Spells                             Type                      Level
   a - Beastly Appendage              Transmutation                1
   b - Sticks to Snakes               Transmutation                2
   c - Spider Form                    Transmutation/Poison         3
   d - Ice Form                       Ice/Transmutation            4
   e - Blade Hands                    Transmutation                5
Comestibles
 d - 4 rations


   Skills:
 + Level 2.8 Fighting
 + Level 1.2 Short Blades
 + Level 1.2 Long Blades
 + Level 1.2 Axes
 + Level 1.2 Maces & Flails
 + Level 1.2 Polearms
 + Level 1.2 Staves
 + Level 1.2 Slings
 + Level 1.2 Bows
 + Level 1.2 Crossbows
 + Level 1.2 Throwing
 + Level 1.2 Armour
 + Level 4.7 Dodging
 + Level 1.2 Stealth
 + Level 1.2 Shields
 + Level 6.6 Unarmed Combat
 + Level 5.1 Spellcasting
 + Level 1.0 Conjurations
 + Level 1.0 Hexes
 + Level 1.0 Charms
 + Level 1.0 Summonings
 + Level 1.0 Necromancy
 + Level 1.0 Translocations
 + Level 3.9 Transmutations
 + Level 1.0 Fire Magic
 + Level 1.0 Ice Magic
 + Level 1.0 Air Magic
 + Level 1.0 Earth Magic
 + Level 1.0 Poison Magic
 + Level 1.3 Invocations
 + Level 1.2 Evocations


You had 7 spell levels left.
You knew the following spells:

 Your Spells              Type           Power        Failure   Level  Hunger
e - Beastly Appendage     Tmut           ###...       10%         1    None
k - Sticks to Snakes      Tmut           ###.....     13%         2    #......
p - Spider Form           Tmut/Pois      ##........   34%         3    ###....


Dungeon Overview and Level Annotations

Branches:
Dungeon (5/15)
 Temple: D:4-7

Altars:


Innate Abilities, Weirdness & Mutations

Your experience applies equally to all skills.
((You have very sharp teeth.))
Your uncanny sense of smell can sniff out nearby items.


Message History

Your Fire Magic skill increases to level 1!
Your Ice Magic skill increases to level 1!
Your Air Magic skill increases to level 1!
Your Earth Magic skill increases to level 1!
Your Poison Magic skill increases to level 1!
Found a green potion.
Your transformation is almost over.
You see here a green potion.
j - a green potion
Found a ring mail and 19 gold pieces.
Your magical contamination has completely faded away.
Found a scroll labeled LAHORPHETWOVI.
Your transformation has ended.
Your +0 robe unmelds from your body.
Found 12 gold pieces.
You see here 12 gold pieces.
You now have 34 gold pieces (gained 12).
You swap places.
Your ball python withers and dies!
You see here 19 gold pieces.
You now have 53 gold pieces (gained 19).
You see here a scroll labeled LAHORPHETWOVI.
As you read the scroll labeled LAHORPHETWOVI, it crumbles to dust.
It is a scroll of identify.
e - 2 scrolls of teleportation
As you read the scroll of identify, it crumbles to dust.
f - a scroll of magic mapping
As you read the scroll of magic mapping, it crumbles to dust.
You feel aware of your surroundings.
Unknown command.
As you read the scroll of identify, it crumbles to dust.
g - a potion of heal wounds
As you read the scroll of identify, it crumbles to dust.
j - a potion of magic An adder comes into view.
Casting: Spider Form
Confirm with . or Enter, or press ? or * to list all spells.
You turn into a venomous arachnid creature.
Your +0 robe melds into your body. 2 orcs come into view.
The orc shouts!
You hear a shout!
An orc priest comes into view. It is wielding a trident.
The orc shouts!
You hear a shout!
The orc priest calls down the wrath of Beogh upon you.
Beogh smites you!
* * * LOW HITPOINT WARNING * * *
Unknown command.
Casting: Spider Form
Confirm with . or Enter, or press ? or * to list all spells.
You create a snake!
You now have 10 arrows.
Your transformation has ended.
Your +0 robe unmelds from your body.
Casting: Sticks to Snakes
Confirm with . or Enter, or press ? or * to list all spells.
You miscast Spider Form.
You are very lightly contaminated with residual magic.
You feel slightly ill. The orc closely misses your adder.
Okay, then.
You feel much better. The orc completely misses your adder.
You swap places.
The orc misses you.
The orc priest hits you from afar with a trident.
You hit the orc but do no damage. You bite the orc, but do no damage.
The orc hits you with a mace.
You hit the orc.
The orc is almost dead.
The orc priest miscasts a cantrip.
The orc completely misses you.
An orc comes into view. It is wielding a morningstar.
You barely miss the orc. Your bite misses the orc.
The orc is almost dead.
The orc priest calls upon Beogh to heal the orc.
The orc's wounds heal themselves!
You hear a shout!
You hit the orc but do no damage. The orc hits you with a mace.
The orc priest closely misses you.
You barely miss the orc. The orc hits you with a mace.
* * * LOW HITPOINT WARNING * * *
The orc priest hits you from afar with a trident!
* * * LOW HITPOINT WARNING * * *
You hit the orc.
The orc is moderately wounded.
The orc priest closely misses you. The orc barely misses you.
You closely miss the orc. You punch the orc, but do no damage.
You bite the orc, but do no damage.
The orc is moderately wounded.
You closely miss the orc.
The orc is moderately wounded.
The orc priest hits you from afar with a trident.
* * * LOW HITPOINT WARNING * * *
The orc hits you with a mace.
* * * LOW HITPOINT WARNING * * *
You hit the orc.
You kill the orc!
The orc priest closely misses you.
Unknown command.
Casting: Spider Form
Confirm with . or Enter, or press ? or * to list all spells.
You turn into a venomous arachnid creature.
Your +0 robe melds into your body.
The adder bites you.
You die...

#.........,,,,,,,,,,*,
#..#####.#*,,,,,,**,*,
##....[..##*,,,,***,*,
#.##.....##*,,***,,*,
##########.##.#....##****,,,,,
#.......##....#.....# *,,,,**
*.#####.##..........# *,,,,*
***#..........####o...#####*,,,*
,,,..#####.#...SsSo..###..##*,,*
****,* #.#.######.###....##*,**
*,* #.#.# #.##.o....#*,** ****,**
#.#.# #.....o.o..,,*, ,,,,,,*
#.#.# ###...#####**,* ,,,,,,*
#.#.# ****#...#**** **, ,,*,,,*
#.#.#***,,,......,,*****
,***,,****,#..,,,,,,........,,***
,,*,,,,,,,,,*****,,.....S...#,**,


You could see an orc priest, an adder, an orc and a friendly adder.

Vanquished Creatures
  A crimson imp (D:5)
  A worker ant (D:4)
  3 gnolls (D:3)
  A leopard gecko (D:4)
  An orc (D:5)
  3 hobgoblins (D:1)
  6 jackals (D:1)
  A kobold (D:1)
  2 rats
19 creatures vanquished.

Notes
Turn   | Place    | Note
-------+----------+-------------------------------------------
     0 | D:1      | tidbits the Gnoll Transmuter began the quest for the Orb.
     0 | D:1      | Reached XP level 1. HP: 17/17 MP: 6/6
    70 | D:1      | Reached XP level 2. HP: 14/23 MP: 5/7
   100 | D:1      | Learned a level 2 spell: Sticks to Snakes
   192 | D:3      | Reached XP level 3. HP: 17/28 MP: 9/9
   195 | D:3      | Reached skill level 5 in Spellcasting
   197 | D:3      | Reached skill level 1 in Invocations
   228 | D:3      | Learned a level 3 spell: Spider Form
   243 | D:4      | Noticed an ogre
   251 | D:4      | Reached skill level 1 in Short Blades
   251 | D:4      | Reached skill level 1 in Long Blades
   251 | D:4      | Reached skill level 1 in Axes
   251 | D:4      | Reached skill level 1 in Maces & Flails
   251 | D:4      | Reached skill level 1 in Polearms
   251 | D:4      | Reached skill level 1 in Staves
   251 | D:4      | Reached skill level 1 in Slings
   251 | D:4      | Reached skill level 1 in Bows
   251 | D:4      | Reached skill level 1 in Crossbows
   251 | D:4      | Reached skill level 1 in Throwing
   251 | D:4      | Reached skill level 1 in Armour
   251 | D:4      | Reached skill level 1 in Stealth
   251 | D:4      | Reached skill level 1 in Shields
   251 | D:4      | Reached skill level 1 in Evocations
   251 | D:4      | Reached XP level 4. HP: 20/34 MP: 7/11
   279 | D:5      | Entered Level 5 of the Dungeon
   299 | D:5      | Reached skill level 1 in Conjurations
   299 | D:5      | Reached skill level 1 in Hexes
   299 | D:5      | Reached skill level 1 in Charms
   299 | D:5      | Reached skill level 1 in Summonings
   299 | D:5      | Reached skill level 1 in Necromancy
   299 | D:5      | Reached skill level 1 in Translocations
   299 | D:5      | Reached skill level 1 in Fire Magic
   299 | D:5      | Reached skill level 1 in Ice Magic
   299 | D:5      | Reached skill level 1 in Air Magic
   299 | D:5      | Reached skill level 1 in Earth Magic
   299 | D:5      | Reached skill level 1 in Poison Magic
   364 | D:5      | HP: 1/34 [orc/mace (5)]
   366 | D:5      | Slain by an adder

Skill      XL: |  1  2  3  4 |
---------------+-------------+-----
Spellcasting   | 5 |  5.1
Invocations    | 1 |  1.3
Short Blades   | 1 |  1.2
Long Blades    | 1 |  1.2
Axes           | 1 |  1.2
Maces & Flails | 1 |  1.2
Polearms       | 1 |  1.2
Staves         | 1 |  1.2
Slings         | 1 |  1.2
Bows           | 1 |  1.2
Crossbows      | 1 |  1.2
Throwing       | 1 |  1.2
Armour         | 1 |  1.2
Stealth        | 1 |  1.2
Shields        | 1 |  1.2
Evocations     | 1 |  1.2
Conjurations   | 1 |  1.0
Hexes          | 1 |  1.0
Charms         | 1 |  1.0
Summonings     | 1 |  1.0
Necromancy     | 1 |  1.0
Translocations | 1 |  1.0
Fire Magic     | 1 |  1.0
Ice Magic      | 1 |  1.0
Air Magic      | 1 |  1.0
Earth Magic    | 1 |  1.0
Poison Magic   | 1 |  1.0
Fighting       | |  2.8
Dodging        | |  4.7
Unarmed Combat | |  6.6
Transmutations | |  3.9

Action                   |  1- 3 |  4- 6 || total
-------------------------+-------+-------++-------
Melee: Unarmed           |    48 |    14 ||    62
       Bite              |     4 |     2 ||     6
       Kick              |     2 |       ||     2
       Punch             |       |     1 ||     1
 Cast: Beastly Appendage |     5 |       ||     5
       Spider Form       |     1 |     4 ||     5
       Sticks to Snakes  |       |     2 ||     2
  Use: Potion            |     2 |     1 ||     3
       Scroll            |       |     5 ||     5
 Stab: Sleeping          |     1 |       ||     1
       Distracted        |       |     1 ||     1
Armor: Robe              |     3 |       ||     3
Dodge: Dodged            |    27 |     8 ||    35

Table legend:
 A = Turns spent in this place as a percentage of turns spent in the entire game.
 B = Non-inter-level travel turns spent in this place as a percentage of non-inter-level travel turns spent in the entire game.
 C = Inter-level travel turns spent in this place as a percentage of turns spent in this place.
 D = Turns resting spent in this place as a percentage of non-inter-level travel turns spent in this place.
 E = Turns spent auto-exploring this place as a percentage of non-inter-level travel turns spent in this place.
 F = Non-inter-level travel turns spent in this place divided by the number of levels of this place that you've seen.
                   A       B       C       D       E      F
               +-------+-------+-------+-------+-------+----------------------
         Total | 100.0 | 100.0 |   0.0 |   0.0 |   0.0 |  73.2
       Dungeon | 100.0 | 100.0 |   0.0 |   0.0 |   0.0 |  73.2
               +-------+-------+-------+-------+-------+----------------------

Table legend:
 A = Kills in this place as a percentage of kills in entire the game.
 B = Kills by you in this place as a percentage of kills by you in the entire game.
 C = Kills by friends in this place as a percentage of kills by friends in the entire game.
 D = Other kills in this place as a percentage of other kills in the entire game.
 E = Experience gained in this place as a percentage of experience gained in the entire game.
 F = Experience gained in this place divided by the number of levels of this place that you have seen.
                   A       B       C       D       E      F
               +-------+-------+-------+-------+-------+----------------------
         Total | 100.0 | 100.0 |   N/A |   N/A | 100.0 |  29.6
       Dungeon | 100.0 | 100.0 |   N/A |   N/A | 100.0 |  29.6
               +-------+-------+-------+-------+-------+----------------------

Vault maps used:
D:1:      minmay_arrival_solitary_statue
D:2:      uniq_robin, uniq_sigmund
D:3:      dk_noncrumbling_4, lemuel_blue_sif_altar
D:4:      first_ration, palyth_stone_intersect, bloody_trog
D:5:      minivault_19
